 Dungeon Crawl Stone Soup version 0.17.1-2-g5865329 (webtiles) character file.

82503 Miyamura the Blocker (level 16, -14/129 HPs)
             Began as a Formicid Fighter on Jan 15, 2016.
             Was a High Priest of Cheibriados.
             Killed from afar by a balrug (43 damage)
             ... with a fireball
             ... on level 1 of the Abyss.
             The game lasted 01:26:06 (27999 turns).

Miyamura the Blocker (Formicid Fighter)            Turns: 27999, Time: 01:26:06

Health: -14/129    AC: 19    Str: 36    XL:     16   Next: 21%
Magic:  33/33      EV: 22    Int: 27    God:    Cheibriados [*****.]
Gold:   2176       SH: 16    Dex: 24    Spells: 2 memorised, 2 levels left

rFire  . . .     SeeInvis +     d - +3 executioner's axe (elec)
rCold  + . .     Clarity  .     Y - +1 ring mail {rPois}
rNeg   . . .     SustAt   .     c - +0 shield
rPois  +         Gourm    .     (helmet unavailable)
rElec  .         Spirit   .     q - +1 cloak
rCorr  .         Warding  .     C - +1 pair of gloves {archery}
rMut   .         Stasis   +     Z - +0 pair of boots
MR     +....                    n - amulet of regeneration
Stlth  +.........               u - ring of protection from cold
                                O - ring of magical power

@: liquid flames, glowing, very slow, somewhat resistant to hostile
enchantments, very unstealthy
A: permanent stasis, dig shafts and tunnels, four strong arms, antennae 3, rough
black scales 1
a: Dig, Shaft Self, Bend Time, Temporal Distortion, Slouch, Step From Time,
Renounce Religion


You were on level 1 of the Abyss.
You worshipped Cheibriados.
Cheibriados was extremely pleased with you.
You were near starving.

You visited 4 branches of the dungeon, and saw 21 of its levels.
You visited the Abyss 1 time.
You also visited: Ossuary.

You collected 2176 gold pieces.

Inventory:

Hand Weapons
 d - a +3 executioner's axe of electrocution (weapon)
 x - a +0 blowgun
 D - a +0 battleaxe
 H - a +0 flail of draining
Missiles
 j - 5 javelins of returning (quivered)
 y - 4 curare-tipped needles
 G - 44 tomahawks
 X - 3 throwing nets
Armour
 c - a +0 shield (worn)
 p - a +3 chain mail of cold resistance
 q - a +1 cloak (worn)
 C - a +1 pair of gloves of archery (worn)
 Y - a +1 ring mail of poison resistance (worn)
 Z - a +0 pair of boots (worn)
Jewellery
 n - an amulet of regeneration (around neck)
 u - a ring of protection from cold (right hand)
 B - an uncursed ring of positive energy
 O - a ring of magical power (left hand)
Wands
 a - a wand of frost (24)
 f - a wand of fire (4)
 w - a wand of enslavement (11)
 A - a wand of invisibility (3)
 I - a wand of fire (9)
 S - a wand of slowing (15)
Scrolls
 o - 3 scrolls of remove curse
 r - 2 scrolls of amnesia
 z - 7 scrolls of enchant armour
 T - 2 scrolls of magic mapping
 V - 2 scrolls of recharging
Potions
 b - a potion of cancellation
 g - 2 potions of lignification
 h - 6 potions of curing
 t - a potion of magic
 K - a potion of ambrosia
 L - 2 potions of flight
 N - 4 potions of brilliance
 U - 2 potions of cure mutation
Comestibles
 e - 11 bread rations
 i - 8 meat rations
 J - 9 fruits
 W - 3 beef jerkies


   Skills:
 + Level 12.4 Fighting
 + Level 11.4 Axes
 - Level 3.5 Throwing
 + Level 12.7 Armour
 + Level 10.5 Dodging
 + Level 13.8 Shields
 + Level 11.5 Invocations
 - Level 4.5 Evocations


You had 2 spell levels left.
You knew the following spells:

 Your Spells              Type           Power        Failure   Level  Hunger
a - Deflect Missiles      Chrm/Air       #.........   100%        6    #######
b - Haunt                 Necr/Summ      #.........   100%        7    #######


Dungeon Overview and Level Annotations

Branches:
Dungeon (9/15)             Temple (1/1) D:6            Lair (8/8) D:9
 Shoals (0/4) Lair:6        Snake (0/4) Lair:5        Slime (0/6) Lair:7
    Orc (3/4) D:9
    Elf: Orc:3-4

Altars:
Ashenzari
Cheibriados
Dithmenos
Elyvilon
Fedhas
Gozag
Kikubaaqudgha
Makhleb
Nemelex Xobeh
Okawaru
Qazlal
Ru
Sif Muna
Trog
Vehumet
Xom
Yredelemnul
Zin
The Shining One
Beogh

Shops:
D:7 }

Annotations:
Orc:3 Sonja


Innate Abilities, Weirdness & Mutations

You are under a permanent stasis effect.
You can dig through walls and to a lower floor.
Your four strong arms can wield two-handed weapons with a shield.
You have a pair of large antennae on your head (SInv).
You are partially covered in rough black scales (AC +4, Dex -1).


Message History

You slash the balrug!
The balrug is severely wounded.
You are covered in liquid flames!
The balrug gestures at you. The bolt of fire misses you.
Unknown command.
You closely miss the balrug.
The balrug is severely wounded.
You are covered in liquid flames!
* * * LOW HITPOINT WARNING * * *
You block the balrug's attack. x2
You barely miss the balrug.
The balrug is severely wounded.
You are covered in liquid flames!
* * * LOW HITPOINT WARNING * * *
The balrug gestures at you. The bolt of fire misses you.
The balrug gestures at you.
The fireball explodes!
The fireball engulfs you!
You die...

# {{ ## . 3#
## .### . #
#.###2..# # #
. #.#.@..#
...#..# #
##...#.#.# #
#.. #...######
# # # ##....#
#.
###....#.##..#
##.##.
#..####### .#
##.#.. #.. .
## #..# .##
#.#.# #


You could see a balrug and a sun demon.

Vanquished Creatures
  Rupert (Orc:2)
  A tentacled starspawn (Abyss:1)
  Maud (Lair:4)
  An orc warlord (Orc:3)
  Nessos (Lair:8)
  Snorg (Orc:3)
  Josephine (Lair:6)
  6 hydras
  A naga warrior (Abyss:1)
  Harold (Lair:4)
  Erolcha (D:9)
  A thrashing horror (Abyss:1)
  10 death yaks
  A queen ant (Lair:2)
  A sun demon (Abyss:1)
  Nergalle (Orc:1)
  A fire crab (Lair:8)
  The ghost of Aviak the Blocker, a novice FoFi of Ashenzari (D:8)
  5 starcursed masses (Abyss:1)
  A large abomination (Abyss:1)
  6 griffons
  A manticore (Lair:6)
  5 black mambas
  3 torpor snails
  A guardian serpent (Abyss:1)
  A smoke demon (Abyss:1)
  13 spiny frogs
  15 elephants
  7 komodo dragons
  7 fire drakes
  2 spriggan druids (Lair:8)
  A two-headed ogre (D:8)
  A red devil (Abyss:1)
  7 polar bears
  27 blink frogs
  13 spriggans
  4 wraiths
  45 yaks
  A redback (Lair:8)
  A wyvern (Lair:8)
  10 hippogriffs
  5 basilisks
  2 chaos spawn (Abyss:1)
  2 hungry ghosts
  5 soldier ants (Lair:2)
  36 wolves
  8 water moccasins
  3 wargs
  A naga (Abyss:1)
  3 sky beasts
  18 porcupines
  17 orc warriors
  3 black bears (Lair:8)
  2 ice beasts (D:7)
  A phantom (D:5)
  2 wasps (Lair:8)
  10 ogres
  15 crocodiles
  3 centaurs
  A gnoll sergeant (D:8)
  Blork the orc (D:5)
  17 giant frogs
  4 big kobolds
  2 scorpions (D:8)
  3 killer bees (D:9)
  2 small abominations (Abyss:1)
  9 wights
  A centaur zombie (Ossuary)
  An electric eel (D:9)
  3 crimson imps
  A wasp zombie (D:9)
  3 giant frog zombies
  22 orc wizards
  A jelly (D:5)
  11 orc priests
  8 hounds
  Crazy Yiuf (D:2)
  2 human zombies (Ossuary)
  A giant frog skeleton (D:4)
  Terence (D:2)
  Natasha (thrice) (D:2)
  13 iguanas
  16 worker ants
  36 sheep
  A big kobold zombie (Ossuary)
  A hound zombie (D:5)
  A hound skeleton (D:9)
  4 mummies
  64 river rats
  7 adders
  12 gnolls
  2 shadow imps
  6 adder zombies
  4 worms
  145 orcs
  5 giant cockroaches
  A gnoll zombie (Ossuary)
  7 goblins
  9 hobgoblins
  5 jackals
  20 kobolds
  3 quokkas
  5 bats
  3 giant geckos
  4 giant newts
  3 goblin zombies (Ossuary)
  2 hobgoblin zombies (Ossuary)
  6 jackal zombies (Ossuary)
  3 kobold zombies (Ossuary)
  4 orc zombies (Ossuary)
  A quokka skeleton (D:9)
  A quokka zombie (Ossuary)
  8 rats
  4 rat zombies (Ossuary)
  8 fungi
  8 plants
865 creatures vanquished.

Vanquished Creatures (collateral kills)
  A wyvern (Lair:6)
  A crocodile (Lair:6)
2 creatures vanquished.

Vanquished Creatures (others)
  2 ogres
  4 bushes (Lair:8)
  36 fungi
  12 plants
54 creatures vanquished.

Grand Total: 921 creatures vanquished

Notes
Turn   | Place    | Note
--------------------------------------------------------------
     0 | D:1      | Miyamura the Formicid Fighter began the quest for the Orb.
     0 | D:1      | Reached XP level 1. HP: 18/18 MP: 1/1
    86 | D:1      | Reached XP level 2. HP: 24/24 MP: 2/2
   688 | D:1      | Reached XP level 3. HP: 29/29 MP: 3/3
   980 | D:2      | Reached skill level 4 in Shields
  1190 | D:2      | Found a glowing golden altar of the Shining One.
  1199 | D:2      | Noticed Natasha
  1208 | D:2      | Reached XP level 4. HP: 31/35 MP: 4/4
  1210 | D:2      | Killed Natasha
  1420 | D:2      | Noticed Natasha
  1422 | D:2      | Killed Natasha
  1425 | D:2      | Noticed Natasha
  1509 | D:2      | Noticed Crazy Yiuf
  1509 | D:2      | Noticed Terence
  1513 | D:2      | Killed Terence
  1513 | D:2      | Reached skill level 1 in Dodging
  1513 | D:2      | Reached XP level 5. HP: 42/42 MP: 5/5
  1520 | D:2      | Killed Crazy Yiuf
  1798 | D:2      | Gained mutation: You are partially covered in rough black scales (AC +4, Dex -1). [potion of beneficial mutation]
  2038 | D:2      | Reached skill level 1 in Throwing
  2043 | D:2      | Killed Natasha
  2231 | D:3      | Reached XP level 6. HP: 48/48 MP: 6/6
  2681 | D:3      | Found a burning altar of Makhleb.
  2747 | D:4      | Reached skill level 5 in Shields
  2903 | D:4      | Found a sand-covered staircase.
  2913 | Ossuary  | Entered an ossuary
  2949 | Ossuary  | Reached XP level 7. HP: 52/54 MP: 7/7
  3514 | D:5      | Entered Level 5 of the Dungeon
  3616 | D:5      | Reached skill level 5 in Armour
  3730 | D:5      | Reached XP level 8. HP: 57/61 MP: 8/8
  3847 | D:5      | Reached skill level 5 in Fighting
  4001 | D:5      | Found a blossoming altar of Fedhas.
  4156 | D:5      | Reached skill level 6 in Shields
  4518 | D:5      | Noticed Blork the orc
  4528 | D:5      | Killed Blork the orc
  4873 | D:6      | Found a sparkling altar of Nemelex Xobeh.
  4935 | D:6      | Reached XP level 9. HP: 29/68 MP: 9/9
  4976 | D:6      | Found a staircase to the Ecumenical Temple.
  5025 | Temple   | Entered the Ecumenical Temple
  5294 | D:6      | Reached skill level 5 in Axes
  5411 | D:6      | Found a shimmering altar of Xom.
  5462 | D:6      | Found a shadowy altar of Dithmenos.
  5471 | D:6      | Reached skill level 7 in Shields
  5959 | D:7      | Found Xax Atif's Gadget Boutique.
  6146 | D:7      | Reached skill level 1 in Evocations
  6882 | D:7      | Reached XP level 10. HP: 46/77 MP: 11/11
  7553 | D:8      | Reached skill level 8 in Shields
  7719 | D:8      | Reached skill level 5 in Dodging
  7784 | D:8      | Found an ancient bone altar of Kikubaaqudgha.
  7820 | D:8      | Found a shattered altar of Ashenzari.
  7913 | D:8      | Noticed Aviak's ghost (novice FoFi)
  8763 | D:8      | HP: 2/79 [Aviak's ghost (10)]
  9202 | D:8      | Killed Aviak's ghost
  9584 | D:8      | Found a basalt altar of Yredelemnul.
  9585 | D:8      | Found a shadowy altar of Dithmenos.
  9878 | D:8      | Found an iron altar of Okawaru.
 10275 | D:9      | Reached XP level 11. HP: 77/85 MP: 14/14
 10348 | D:9      | Noticed Erolcha
 10412 | D:9      | Killed Erolcha
 10412 | D:9      | Reached skill level 9 in Shields
 10628 | D:9      | Found a snail-covered altar of Cheibriados.
 10637 | D:9      | Became a worshipper of Cheibriados the Contemplative
 10795 | D:9      | Reached * piety under Cheibriados
 10832 | D:9      | Found a roughly hewn altar of Beogh.
 11080 | D:9      | Reached skill level 1 in Invocations
 11354 | D:9      | Found a staircase to the Lair.
 11378 | D:9      | Reached ** piety under Cheibriados
 11721 | D:9      | Found a staircase to the Orcish Mines.
 11825 | Orc:1    | Entered Level 1 of the Orcish Mines
 11840 | Orc:1    | Noticed Nergalle
 11866 | Orc:1    | Killed Nergalle
 12124 | Orc:1    | Reached *** piety under Cheibriados
 12325 | Orc:1    | Found a roughly hewn altar of Beogh.
 12462 | Orc:2    | Found a flagged portal.
 12462 | Orc:2    | Noticed Rupert
 12762 | Lair:1   | Entered Level 1 of the Lair of Beasts
 12989 | Lair:1   | Reached **** piety under Cheibriados
 14149 | Lair:1   | Reached XP level 12. HP: 91/94 MP: 15/15
 14468 | Lair:2   | Reached skill level 10 in Shields
 14559 | Lair:2   | Reached ***** piety under Cheibriados
 14832 | Lair:2   | Reached skill level 5 in Invocations
 15114 | Lair:2   | Noticed a queen ant
 15136 | Lair:2   | Killed a queen ant
 16250 | D:7      | Got a fine scale mail
 16261 | D:7      | Identified the cursed +0 scale mail of Twilight {Regen+ MP+9 Str+3 Dex-3} (You found it on level 7 of the Dungeon)
 16697 | Lair:3   | Noticed an eight-headed hydra
 16726 | Lair:3   | Killed an eight-headed hydra
 17036 | Lair:3   | Got a twisted scimitar
 17037 | Lair:3   | Identified the +4 scimitar "Rihai" {slice, Str+7} (You found it on level 3 of the Lair of Beasts)
 17289 | Lair:3   | Reached XP level 13. HP: 101/101 MP: 17/17
 17381 | Lair:3   | Reached ****** piety under Cheibriados
 17677 | Lair:4   | Noticed Harold
 17682 | Lair:3   | Reached skill level 11 in Shields
 17687 | Lair:4   | Reached skill level 10 in Armour
 17699 | Lair:4   | Killed Harold
 18031 | Lair:4   | Noticed Maud
 18045 | Lair:4   | Reached skill level 10 in Fighting
 18046 | Lair:4   | Killed Maud
 19355 | Lair:5   | Found a staircase to the Snake Pit.
 19501 | Lair:5   | Found a sacrificial altar of Ru.
 20151 | Lair:6   | Found a staircase to the Shoals.
 20429 | Lair:6   | Reached XP level 14. HP: 60/111 MP: 20/20
 21159 | Lair:6   | Reached skill level 12 in Shields
 21462 | Lair:6   | Got a shimmering scale mail
 21473 | Lair:6   | Identified the +3 scale mail "Ickatip" {Stlth+} (You found it on level 6 of the Lair of Beasts)
 21725 | Lair:7   | Noticed Josephine
 21744 | Lair:6   | Reached skill level 10 in Axes
 21746 | Lair:6   | Killed Josephine
 22564 | Lair:7   | Found a staircase to the Slime Pits.
 23306 | Lair:8   | Entered Level 8 of the Lair of Beasts
 23312 | Lair:8   | Noticed Nessos
 23317 | Lair:8   | Killed Nessos
 23330 | Lair:7   | Reached XP level 15. HP: 51/119 MP: 22/22
 23728 | Lair:8   | Reached skill level 10 in Invocations
 24035 | Lair:8   | Got a faintly humming buckler
 24046 | Lair:8   | Identified the cursed +0 buckler of the Fisher {rPois MR- rCorr} (You found it on level 8 of the Lair of Beasts)
 24106 | Lair:8   | Reached skill level 13 in Shields
 24303 | Lair:8   | Reached skill level 10 in Dodging
 26321 | Lair:1   | Learned a level 6 spell: Deflect Missiles
 26329 | Lair:1   | Learned a level 7 spell: Haunt
 26469 | Orc:2    | Killed Rupert
 26879 | Orc:3    | Noticed Snorg
 26887 | Orc:3    | Killed Snorg
 26987 | Orc:3    | Noticed an orc warlord
 26997 | Orc:3    | Killed an orc warlord
 27646 | Orc:3    | Noticed Sonja
 27659 | Orc:3    | Found a roughly hewn altar of Beogh.
 27677 | Orc:3    | Cast into the Abyss (Sonja)
 27677 | Abyss:1  | Found a sacrificial altar of Ru.
 27775 | Abyss:1  | Reached XP level 16. HP: 95/127 MP: 24/24
 27943 | Abyss:1  | Noticed a tentacled starspawn
 27945 | Abyss:1  | Killed a tentacled starspawn
 27993 | Abyss:1  | Noticed a balrug
 27999 | Abyss:1  | Killed from afar by a balrug

Action                   |  1- 3 |  4- 6 |  7- 9 | 10-12 | 13-15 | 16-18 || total
-------------------------+-------+-------+-------+-------+-------+-------++-------
Melee: War axe           |   116 |   189 |   475 |   308 |       |       ||  1088
       Battleaxe         |       |       |       |   728 |   929 |       ||  1657
       Hand axe          |       |       |       |    24 |       |       ||    24
       Flail             |       |       |       |    16 |    37 |       ||    53
       Executioner's axe |       |       |       |       |    87 |    40 ||   127
 Fire: Blowgun           |       |       |       |       |     8 |       ||     8
Throw: Javelin           |       |       |       |     7 |       |       ||     7
Invok: Slouch            |       |       |       |       |     7 |     2 ||     9
       Bend Time         |       |       |       |       |     6 |       ||     6
       Step From Time    |       |       |       |       |     1 |       ||     1
       Temporal Distorti |       |       |       |       |       |     3 ||     3
 Abil: Dig               |       |       |       |     5 |     4 |     1 ||    10
Evoke: Wand              |       |       |       |    27 |    23 |       ||    50
  Use: Scroll            |     7 |     6 |     6 |    13 |    14 |       ||    46
       Potion            |       |     2 |     6 |     6 |     4 |       ||    18
 Stab: Confused          |       |       |     1 |     8 |       |       ||     9
       Sleeping          |       |       |       |       |     1 |       ||     1
  Eat: Chunk             |     1 |     6 |    14 |    14 |    19 |       ||    54
       Meat ration       |       |       |       |     3 |       |       ||     3
       Royal jelly       |       |       |       |       |     1 |       ||     1
       Pizza             |       |       |       |       |     2 |       ||     2
       Fruit             |       |       |       |       |       |     1 ||     1
